AoeStats
← 381855661

Arabia

510482051Analyzed
1v1 RM · 24h ago on Oct 1, 2026· 43m 25s· 2 players
Game mode
Random Map
Map size
Tiny (2 player)
Population
200
Speed
Normal
Resources
Standard
Victory
Conquest
Starting age
Dark Age
Ending age
Imperial Age
RankedLock teamsTeams togetherTeam positionsShared explorationLock speedFull tech treeHidden civsTurbo modeCheats
Victory
Defeat
🇨🇳 Malay · China
941
+15
🇮🇳 Cumans · India
924
-15
thatzprem
7:28 Loom
10:06 Feudal Age
11:30 Double-Bit Axe
15:28 Fletching
21:46 Castle Age
24:59 Bloodlines
26:53 Castle Age
35:53 Horse Collar
38:23 Heavy Plow
39:31 Gold Mining
39:31 Stone Mining
381855661
5:16 Loom
10:34 Feudal Age
10:11 Double-Bit Axe
11:08 Horse Collar
21:38 Forging
24:02 Fletching
29:31 Castle Age
27:50 Padded Archer Armor
28:29 Scale Barding Armor
29:31 Crossbowman
29:49 Light Cavalry
31:36 Squires
33:10 Pikeman
35:45 Iron Casting
36:00 Husbandry
38:29 Town Watch
38:55 Bow Saw
40:06 Wheelbarrow
40:05 Thumb Ring
42:27 Bodkin Arrow
42:48 Leather Archer Armor
Connection lost

Rejoining the realm…

Still unreachable

The connection could not be restored.

Session expired

The server has moved on; the page needs a fresh start.